Cogmind - Beta 12 @@@ ROGUE MODE // 2023.03.04 @ 18:44:36 Player: Red Box Result: Self-destructed Performance ------------- Evolutions (4) 2000 Regions Visited (9) 1800 Robots Destroyed (101) 505 Value Destroyed (2789) 2789 Prototype IDs (14) 280 Alien Tech Used (0) 0 Bonus (517) 517 TOTAL SCORE: 7891 Bonus ------- High Alert Combat Kills 87 Follower Combat Kills 137 Met Imprinter 300 Friendly Fire -7 Cogmind --------- Core Integrity 740/850 Matter 104/300 Energy 259/310 System Corruption 22% Temperature Warm (156) Movement Rolling (145) Ox3 Location -6/Factory Parts ------- > --- POWER (1) -------- Fission Core > --- PROPULSION (3) --- Advanced Treads Armored Huge Wheel > --- UTILITY (8) ------ High-capacity Storage Unit Enhanced Optical Array Advanced Targeting Computer Layered Medium Armor Plating Medium Reflective Plating Focal Shield Improved Trap Extractor (5/6 Dirty Bomb) Hacking Drone Bay (0/1) > --- WEAPON (3) ------- Improved Heavy Laser Coil Gun Improved Proton Missile Launcher > --- INVENTORY (20) --- Fission Core Armored Huge Wheel Improved Cryofiber Web High-capacity Battery (0) Spectral Analyzer Advanced Sensor Array Improved Particle Charger Makeshift ECM Suite Layered Medium Armor Plating Medium Reflective Plating Improved Shield Generator Authchip [Weapon] Mobile Refinery Mk. CCLXVII Decoy Drone Bay (16/16) Bomb Factory No. 2 Gatling Laser Makeshift Hammer Peak State ------------ > --- POWER ------------ Enhanced Nuclear Core > --- PROPULSION ------- Advanced Treads Armored Huge Wheel > --- UTILITY ---------- High-capacity Storage Unit Improved Sensor Array Advanced Targeting Computer Thermal Shield Improved Shield Generator Hacking Drone Bay Bomb Factory No. 2 > --- WEAPON ----------- Coil Gun Hypervelocity Gauss Rifle Hypervelocity Gauss Rifle > --- INVENTORY -------- Enhanced Nuclear Core Fission Core Armored Huge Wheel High-capacity Battery Spectral Analyzer Makeshift ECM Suite Layered Medium Armor Plating Layered Medium Armor Plating Medium Reflective Plating Medium Reflective Plating Focal Shield Authchip [Weapon] Mobile Refinery Mk. CCLXVII Improved Trap Extractor Decoy Drone Bay Improved Proton Missile Launcher Makeshift Hammer [Rating: 77] Favorites ----------- Power Improved Deuterium Engine Engine Improved Deuterium Engine Power Core Enhanced Nuclear Core Propulsion Compact Wheel Treads Advanced Treads Leg Aluminum Leg Wheel Compact Wheel Utility High-capacity Storage Unit Device Improved Shield Generator Storage High-capacity Storage Unit Processor Improved Targeting Computer Protection Medium Armor Plating Weapon Improved Assault Rifle Energy Gun Medium Laser Energy Cannon Light EM Pulse Cannon Ballistic Gun Improved Assault Rifle Launcher Proton Missile Launcher Impact Weapon Makeshift Hammer Special Melee Weapon Datajack Build | -11 -10 -10 -9 -9 -7 -6 -6 -6 -6 ------- Run | Jun Mat Min Mat Min Zio Pro Fac Was Fac Slots Evolved 8 | . . . 2 . . . 6 . . Power . | . . . . . . . . . . Propulsion 1 | . . . . . . . 1 . . Utility 6 | . . . 2 . . . 4 . . Weapon 1 | . . . . . . . 1 . . Parts Attached 138 | 9 6 6 39 5 11 6 31 . 25 Power 10 | 1 . 1 4 1 . . 1 . 2 Engine 7 | 1 . 1 4 1 . . . . . Core 3 | . . . . . . . 1 . 2 Reactor . | . . . . . . . . . . Propulsion 20 | 4 2 3 4 1 1 . 4 . 1 Treads 2 | . . . 1 . . . 1 . . Leg 2 | 2 . . . . . . . . . Wheel 16 | 2 2 3 3 1 1 . 3 . 1 Hover . | . . . . . . . . . . Flight . | . . . . . . . . . . Utility 56 | 2 4 2 9 3 4 5 12 . 15 Device 28 | 1 1 2 1 1 3 2 6 . 11 Storage 5 | 1 3 . 1 . . . . . . Processor 6 | . . . 3 . . . 1 . 2 Hackware . | . . . . . . . . . . Protection 17 | . . . 4 2 1 3 5 . 2 Artifact . | . . . . . . . . . . Weapon 52 | 2 . . 22 . 6 1 14 . 7 Energy Gun 12 | 2 . . 7 . . . 2 . 1 Energy Cannon 8 | . . . 8 . . . . . . Ballistic Gun 15 | . . . 2 . 3 . 7 . 3 Ballistic Cannon . | . . . . . . . . . . Launcher 7 | . . . 1 . 3 1 1 . 1 Special Weapon . | . . . . . . . . . . Impact Weapon 7 | . . . 1 . . . 4 . 2 Slashing Weapon . | . . . . . . . . . . Piercing Weapon . | . . . . . . . . . . Special Melee Weapon 3 | . . . 3 . . . . . . Unidentified Prototypes 6 | . . . 1 . 2 . 1 . 2 Parts Lost 18 | . 1 3 12 . . . 1 . 1 Power 3 | . . 1 2 . . . . . . Propulsion 5 | . 1 1 3 . . . . . . Utility 4 | . . 1 2 . . . . . 1 Weapon 6 | . . . 5 . . . 1 . . Highest Loss Streak 6 | . 1 2 6 . . . 1 . 1 To Critical Strikes . | . . . . . . . . . . Average Slot Usage (%) 94 | . 97 98 96 100 93 88 93 93 91 Engine 8 | . 14 13 10 11 11 11 . . . Core 1 | . . . . . . . 5 6 6 Treads 4 | . . . 2 11 5 . 6 6 6 Wheel 13 | . 27 27 18 11 11 11 6 6 6 Device 13 | . 12 13 6 7 11 10 23 33 27 Storage 10 | . 14 14 11 11 11 11 6 6 6 Processor 8 | . . . 11 11 11 11 6 6 8 Protection 10 | . . . 14 14 11 11 15 6 7 Energy Gun 5 | . 28 28 5 . . . 1 . . Energy Cannon 2 | . . . 8 . . . . . . Ballistic Gun 11 | . . . 5 22 15 13 15 13 15 Launcher 2 | . . . . . 6 8 . . . Naked Turns . | . . . . . . . . . . Heaviest Build 103 | 15 50 30 59 68 75 70 94 86 103 Greatest Support 32 | 26 26 32 32 16 28 28 32 28 28 Greatest Overweight (x) 4 | 1 4 2 3 4 4 2 3 3 3 Average Overweight (x) 2 | . 1 . 1 3 2 2 2 3 2 Largest Inventory Capacity 20 | 8 20 15 20 20 20 20 20 20 20 Average Capacity 18 | 7 16 15 18 20 20 20 20 20 20 Most Carried 20 | 8 12 15 20 20 20 20 20 20 20 Average Carried 17 | 5 8 13 17 19 19 19 19 20 19 Final Capacity 20 | 8 15 15 20 20 20 20 20 20 20 Final Carried 20 | 7 10 15 20 18 20 20 20 20 20 Class Distribution -------------------- 71% | Mutant 9% | Scavenger-Mutant 7% | Tank 7% | Derelict-Tank 3% | Derelict-Mutant Dominant Class ---------------- Mutant | -10/Materials Mutant | -10/Mines Mutant | -9/Materials Mutant | -9/Mines Mutant | -7/Zion Mutant | -6/Proximity Caves Derelict-Tank | -6/Factory Mutant | -6/Waste Mutant | -6/Factory Resources | -11 -10 -10 -9 -9 -7 -6 -6 -6 -6 ----------- Run | Jun Mat Min Mat Min Zio Pro Fac Was Fac Matter Collected 3029 | 290 172 98 385 62 110 115 966 . 831 Remotely . | . . . . . . . . . . Salvage Created 4256 | 130 245 138 1293 . . 202 1510 . 738 Parts 230 | 9 22 5 84 . . 7 60 . 43 Haulers Intercepted 2 | . . . 2 . . . . . . Recyclers Shooed 1 | . . . . . . . . . 1 Parts Field Recycled . | . . . . . . . . . . Retrieved Matter . | . . . . . . . . . . Parts Self-Destructed 8 | . . . . . . 8 . . . Prevented 5 | . . . . . . 5 . . . Kills | -11 -10 -10 -9 -9 -7 -6 -6 -6 -6 ------- Run | Jun Mat Min Mat Min Zio Pro Fac Was Fac Combat Hostiles Destroyed 73 | . 11 6 29 . . 3 16 . 8 Guns 44 | . 11 6 9 . . 1 11 . 6 Cannons 13 | . . . 13 . . . . . . AOE 12 | . . . 5 . . 2 4 . 1 Classes Destroyed 15 | 2 3 1 4 . . 1 3 . 1 Worker 3 | . . . . . . . 3 . . Builder 4 | . . . 2 . . . 1 . 1 Tunneler 5 | 3 . . 1 . . . 1 . . Hauler 2 | . . . 2 . . . . . . Recycler 7 | 1 . . . . . . 5 . 1 Operator 1 | . . . . . . . . . 1 Watcher 8 | . 2 . 5 . . . 1 . . Swarmer 30 | . 9 2 15 . . . 4 . . Grunt 18 | . 2 2 3 . . 2 7 . 2 Brawler 2 | . . . . . . 1 1 . . Duelist 1 | . . . 1 . . . . . . Sentry 15 | . . . 10 . . . . . 5 Hunter 1 | . . . . . . . 1 . . Programmer 4 | . . . . . . . 3 . 1 Assembled 2 | . . 2 . . . . . . . Best Kill Streak 12 | 3 6 2 7 . . 2 12 . 4 Combat Bots Only 6 | . 6 2 6 . . 2 3 . 3 Max Kills in Single Turn 9 | 1 2 1 2 . . 1 9 . 1 Gunslinging 1 | . 1 . . . . . . . . Exploded 3 | . . . 2 . . 1 3 . 1 Melee . | . . . . . . . . . . Uniques/NPCs Destroyed . | . . . . . . . . . . Combat | -11 -10 -10 -9 -9 -7 -6 -6 -6 -6 -------- Run | Jun Mat Min Mat Min Zio Pro Fac Was Fac Damage Taken 3498 | . 185 146 1375 78 . 162 787 . 765 Core 545 | . 49 19 309 . . 58 66 . 44 Absorbed by Shields 546 | . . . . 12 . 70 264 . 200 Redirected to Shielding 11 | . . . 11 . . . . . . Regen/Repaired (Parts) 339 | . 21 . 122 . 196 . . . . Core Remaining (%) 60 | 100 . 72 . . . 8 . . . Volleys Fired 218 | 12 23 17 83 2 . 10 37 . 34 Largest 3 | 2 2 2 2 2 . 2 3 . 3 Hottest 138 | 100 100 100 112 46 . 48 129 . 138 Shots Fired 458 | 23 46 34 147 4 . 11 107 . 86 Gun 373 | 23 46 34 76 4 . 3 106 . 81 Cannon 69 | . . . 69 . . . . . . Launcher 16 | . . . 2 . . 8 1 . 5 Special . | . . . . . . . . . . Kinetic 176 | . . . . 4 . 3 95 . 74 Thermal 165 | 23 46 34 44 . . . 11 . 7 Explosive 2 | . . . 2 . . . . . . Electromagnetic 115 | . . . 101 . . 8 1 . 5 Robot Hit Streak 17 | 6 3 7 17 8 . 9 11 . 12 Robot Miss Streak 5 | 4 3 3 3 . . 5 3 . 5 Penetration Max 2 | . . . . . . . 2 . . Secondary Targets 6 | . 2 1 . . . . 2 . 1 Max Gunslinging Chain 1 | . 1 1 . . . . 1 . 1 Shots Hit Robots 324 | 13 20 23 108 4 . 6 89 . 61 Core Hits 177 | 5 16 10 55 1 . 9 60 . 21 Critical Kills 5 | . . . . . . . 3 . 2 Critical Parts Destroyed 15 | . . . . . . . 11 . 4 Critical Strikes 29 | 1 1 2 2 . . . 16 . 7 Burn 6 | 1 1 2 1 . . . 1 . . Destroy 22 | . . . . . . . 15 . 7 Corrupt 1 | . . . 1 . . . . . . Melee Attacks 60 | . . . 5 . . . 31 16 8 Impact 58 | . . . 3 . . . 31 16 8 Slashing . | . . . . . . . . . . Piercing . | . . . . . . . . . . Sneak Attacks 2 | . . . 1 . . . . . 1 Combat Hostiles . | . . . . . . . . . . Follow-up Attacks . | . . . . . . . . . . Damage Inflicted 8026 | 186 304 305 2415 71 . 329 3139 . 1277 Guns 4478 | 186 304 305 976 71 . 31 1777 . 828 Cannons 1027 | . . . 1027 . . . . . . Explosions 2080 | . . . 412 . . 298 1037 . 333 Melee 441 | . . . . . . . 325 . 116 Ramming . | . . . . . . . . . . Kinetic 2335 | . . . . 71 . 31 1559 . 674 Thermal 2689 | 186 304 305 742 . . . 998 . 154 Explosive 191 | . . . 191 . . . . . . Electromagnetic 2370 | . . . 1482 . . 298 257 . 333 Impact 441 | . . . . . . . 325 . 116 Slashing . | . . . . . . . . . . Piercing . | . . . . . . . . . . Highest Corruption 22 | . . . . . . . . 19 22 Average Corruption 19 | . . . . . . . . 12 20 Corruption Purged . | . . . . . . . . . . Corruption Blocked . | . . . . . . . . . . Effects 61 | . . . . . . . . 5 56 Message Errors 13 | . . . . . . . . . 13 Matter Fused 10 | . . . . . . . . 2 8 Heat Flow Errors 7 | . . . . . . . . 1 6 Energy Discharges 6 | . . . . . . . . 1 5 Data Loss (minor) 5 | . . . . . . . . 1 4 Data Loss (major) 4 | . . . . . . . . . 4 Misfires 6 | . . . . . . . . . 6 Alerts 2 | . . . . . . . . . 2 Weapon Failures 8 | . . . . . . . . . 8 Overload Shots . | . . . . . . . . . . Overflow Damage 296 | . . . 14 . . 1 281 . . Projectiles 4 | . . . 4 . . . . . . Explosions 212 | . . . 10 . . 1 201 . . Melee 80 | . . . . . . . 80 . . Knockbacks 4 | . . . . . . . 4 . . Impact 4 | . . . . . . . 4 . . Kinetic . | . . . . . . . . . . Secondary . | . . . . . . . . . . Self-Inflicted Damage 195 | . . . 33 . . . 108 . 54 Shots 4 | . . . 1 . . . 2 . 1 Rammed . | . . . . . . . . . . Targets Rammed . | . . . . . . . . . . Kicked . | . . . . . . . . . . Crushed . | . . . . . . . . . . Highest Temperature 288 | 156 276 162 241 1 . 12 288 256 256 Average Temperature 76 | 55 89 81 76 1 . 3 77 136 75 Received Heat Transfer 838 | . 42 48 255 16 . 48 183 . 246 Effects 3 | . . . . . . . 3 . . Interference 3 | . . . . . . . 3 . . Siege Activations . | . . . . . . . . . . Robots Corrupted 3 | . . . 2 . . . . . 1 Combat Hostiles 3 | . . . 2 . . . . . 1 Parts Fried 15 | . . . 12 . . 1 1 . 1 Impact Corruptions 6 | . . . . . . . 6 . . Robots Melted . | . . . . . . . . . . Combat Hostiles . | . . . . . . . . . . Parts Melted 12 | 1 3 1 3 . . . 1 . 3 Heat Transferred 5594 | 629 962 1036 1695 . . . 1050 . 222 Parts Sabotaged . | . . . . . . . . . . Parts Stolen . | . . . . . . . . . . Parts Stripped . | . . . . . . . . . . Power Chain Reactions 5 | . . . 5 . . . . . . Missiles Intercepted . | . . . . . . . . . . Alert | -11 -10 -10 -9 -9 -7 -6 -6 -6 -6 ------- Run | Jun Mat Min Mat Min Zio Pro Fac Was Fac Peak Influence 575 | 20 327 95 575 190 . . 560 140 209 Initial 300 | . 13 . . 190 . . 300 121 98 Average 220 | 7 130 38 341 93 . . 295 131 87 Maximum Alert Level 2 | . 1 . 2 . . . 2 . 1 Low Security (%) 49 | 100 78 100 20 100 . . 11 100 92 Level 1 36 | . 21 . 41 . . . 80 . 7 Level 2 14 | . . . 37 . . . 7 . . Level 3 . | . . . . . . . . . . Level 4 . | . . . . . . . . . . Level 5 . | . . . . . . . . . . High Security . | . . . . . . . . . . Max Security . | . . . . . . . . . . Squads Dispatched 18 | . . . 1 . . . 11 . 6 Investigation 6 | . . . 1 . . . 4 . 1 Extermination 4 | . . . . . . . 3 . 1 Reinforcement 3 | . . . . . . . 1 . 2 Assault . | . . . . . . . . . . Garrison 5 | . . . . . . . 3 . 2 Intercept . | . . . . . . . . . . Searches Triggered . | . . . . . . . . . . Construction Impeded 1 | . . . . . . . . . 1 Haulers Reinforced . | . . . . . . . . . . Active Scanning Responses . | . . . . . . . . . . Cargo Convoy Interrupts . | . . . . . . . . . . Stealth | -11 -10 -10 -9 -9 -7 -6 -6 -6 -6 --------- Run | Jun Mat Min Mat Min Zio Pro Fac Was Fac Distress Signals 6 | . . . 4 . . . 2 . . Communications Jammed . | . . . . . . . . . . Distress Signals . | . . . . . . . . . . Times Spotted 144 | . 18 7 46 2 . 8 42 7 14 Peak Tracking Total 6 | . 3 3 6 2 . 2 5 3 3 Tactical Retreats 20 | . . 1 6 . . 1 7 4 1 Traps | -11 -10 -10 -9 -9 -7 -6 -6 -6 -6 ------- Run | Jun Mat Min Mat Min Zio Pro Fac Was Fac Traps Triggered 5 | . 1 . 1 1 . . 1 . 1 Indirectly 1 | . . . . . . . . . 1 Trap Hack Attempts 81 | . . . 81 . . . . . . Triggered . | . . . . . . . . . . Disarmed 8 | . . . 8 . . . . . . Reprogrammed 5 | . . . 5 . . . . . . Reused 1 | . . . 1 . . . . . . Traps Extracted . | . . . . . . . . . . Installed 1 | . . . . . . . . . 1 Triggered 2 | . . . 2 . . . . . . Fabricated Traps 6 | . . . . . . . . . 6 Most Traps Carried 6 | . . . . . . . . . 6 Machines | -11 -10 -10 -9 -9 -7 -6 -6 -6 -6 ---------- Run | Jun Mat Min Mat Min Zio Pro Fac Was Fac Machines Disabled 17 | . . . 3 . . . 9 . 5 Max in Single Turn 5 | . . . 1 . . . 5 . 2 Machines Repaired . | . . . . . . . . . . Machines Sabotaged . | . . . . . . . . . . Overloaded Fab Kills . | . . . . . . . . . . Hacking | -11 -10 -10 -9 -9 -7 -6 -6 -6 -6 --------- Run | Jun Mat Min Mat Min Zio Pro Fac Was Fac Machines Accessed 44 | . 11 1 16 2 . . 14 . . Terminals 26 | . 8 . 10 1 . . 7 . . Fabricators 3 | . . . . . . . 3 . . Repair Stations 4 | . 1 . 2 . . . 1 . . Recycling Units 6 | . 2 . 2 . . . 2 . . Scanalyzers 2 | . . . 2 . . . . . . Garrison Access 1 | . . . . . . . 1 . . Total Hacks 149 | . 36 1 70 2 . . 37 . 3 Successful 87 | . 27 1 50 1 . . 7 . 1 Failed 62 | . 9 . 20 1 . . 30 . 2 Catastrophic 12 | . . . 3 1 . . 8 . . Database Lockouts . | . . . . . . . . . . Manual 71 | . 22 . 28 1 . . 18 . 2 Terminals 90 | . 26 . 39 1 . . 21 . 3 Fabricators 9 | . . . . . . . 9 . . Repair Stations 12 | . 5 . 6 . . . 1 . . Recycling Units 15 | . 5 . 6 . . . 4 . . Scanalyzers 19 | . . . 19 . . . . . . Garrison Access 2 | . . . . . . . 2 . . Terminal Hacks 24 | . 9 1 9 1 . . 3 . 1 Robot Analysis 8 | . 4 . 2 . . . 1 . 1 Prototype ID Bank 5 | . 2 . 3 . . . . . . Open Door 2 | . . 1 . 1 . . . . . Terminal Index 2 | . 1 . . . . . 1 . . Locate Traps 6 | . 2 . 3 . . . 1 . . Hauler Manifests 1 | . . . 1 . . . . . . Fabricator Hacks 1 | . . . . . . . 1 . . Build 1 | . . . . . . . 1 . . Repair Station Hacks 9 | . 3 . 6 . . . . . . Scan Component 5 | . 2 . 3 . . . . . . Repair 4 | . 1 . 3 . . . . . . Recycling Unit Hacks 5 | . 2 . 2 . . . 1 . . Retrieve Components 5 | . 2 . 2 . . . 1 . . Scanalyzer 19 | . . . 19 . . . . . . Insert Component 8 | . . . 8 . . . . . . Analyze 11 | . . . 11 . . . . . . Garrison Access Hacks . | . . . . . . . . . . Unauthorized Hacks 29 | . 13 . 14 . . . 2 . . Terminals 23 | . 10 . 12 . . . 1 . . Track 4 | . 3 . 1 . . . . . . Assimilate 4 | . . . 4 . . . . . . Botnet 12 | . 6 . 6 . . . . . . Operators 3 | . 1 . 1 . . . 1 . . Fabricators 1 | . . . . . . . 1 . . Liberate 1 | . . . . . . . 1 . . Repair Stations . | . . . . . . . . . . Recycling Units 5 | . 3 . 2 . . . . . . Reject 3 | . 2 . 1 . . . . . . Mask 2 | . 1 . 1 . . . . . . Scanalyzers . | . . . . . . . . . . Garrison Access . | . . . . . . . . . . Data Cores Recovered . | . . . . . . . . . . Used . | . . . . . . . . . . Hacking Detections 40 | . 10 . 14 1 . . 14 . 1 Full Trace Events 6 | . 1 . . . . . 4 . 1 Feedback Events . | . . . . . . . . . . Feedback Blocked . | . . . . . . . . . . Robot Schematics Acquired . | . . . . . . . . . . Robots Built 1 | . . . . . . . 1 . . Authchips . | . . . . . . . . . . Time 40 | . . . . . . . 40 . . Total Robot Build Rating 1 | . . . . . . . 1 . . Part Schematics Acquired 8 | . . . 8 . . . . . . Parts Built . | . . . . . . . . . . Authchips . | . . . . . . . . . . Time . | . . . . . . . . . . Total Part Build Rating . | . . . . . . . . . . Parts Repaired 4 | . 1 . 3 . . . . . . Time 128 | . 38 . 90 . . . . . . Parts Recycled . | . . . . . . . . . . Recycled Matter . | . . . . . . . . . . Retrieved Matter . | . . . . . . . . . . Retrieved Components 17 | . 4 . 13 . . . . . . Parts Scanalyzed 8 | . . . 8 . . . . . . Part Schematics Acquired 8 | . . . 8 . . . . . . Parts Damaged . | . . . . . . . . . . Bothacking | -11 -10 -10 -9 -9 -7 -6 -6 -6 -6 ------------ Run | Jun Mat Min Mat Min Zio Pro Fac Was Fac Used RIF Installer . | . . . . . . . . . . Robots Hacked 1 | . . . 1 . . . . . . Non-combat 1 | . . . 1 . . . . . . Combat . | . . . . . . . . . . Robot Hacks Applied 1 | . . . 1 . . . . . . no_distress 1 | . . . 1 . . . . . . Relay Couplers Released . | . . . . . . . . . . Fabnet Peak Effective % . | . . . . . . . . . . Robots Rewired . | . . . . . . . . . . Allies Hacked . | . . . . . . . . . . Hacks Repelled . | . . . . . . . . . . Allies | -11 -10 -10 -9 -9 -7 -6 -6 -6 -6 -------- Run | Jun Mat Min Mat Min Zio Pro Fac Was Fac Total Allies 10 | . . . 1 3 4 . 1 . 1 Largest Group 4 | . . . 1 3 4 4 . . 1 Highest-Rated Group 124 | . . . 10 79 124 124 . . 26 Highest-Rated Ally 31 | . . . 10 31 31 31 . . 26 Total Orders 12 | . . . 3 . . . 1 . 8 STAY 4 | . . . 2 . . . . . 2 FOLLOW 3 | . . . 1 . . . . . 2 RETURN 5 | . . . . . . . 1 . 4 Ally Attacks 54 | . . . . 6 . 48 . . . Total Damage 911 | . . . . 87 . 824 . . . Kills 6 | . . . . 2 . 4 . . . Allies Corrupted . | . . . . . . . . . . Allies Melted . | . . . . . . . . . . Intel | -11 -10 -10 -9 -9 -7 -6 -6 -6 -6 ------- Run | Jun Mat Min Mat Min Zio Pro Fac Was Fac Robot Analysis Total 8 | . 4 . 2 . . . 1 . 1 Derelict Logs Recovered 5 | . . 1 . 1 1 2 . . . Drone Launches 6 | . . . . . . . 1 . 5 Drone Recoveries 5 | . . . . . . . 1 . 4 Exploration | -11 -10 -10 -9 -9 -7 -6 -6 -6 -6 ------------- Run | Jun Mat Min Mat Min Zio Pro Fac Was Fac Turns Passed 12160 | 145 989 640 2839 915 2060 1381 2057 154 980 Spaces Moved 7810 | 87 807 510 1753 546 1414 1027 1143 84 439 Core 11 | 11 . . . . . . . . . Treads . | . . . . . . . . . . Legs 36 | 36 . . . . . . . . . Wheels 7763 | 40 807 510 1753 546 1414 1027 1143 84 439 Hover . | . . . . . . . . . . Flight . | . . . . . . . . . . Fastest Speed 50 | 50 90 95 100 145 130 130 130 145 130 Average Speed 129 | 100 101 95 120 154 143 130 141 145 143 Slowest Speed 160 | 120 140 115 145 160 160 130 145 145 145 Overloaded Moves . | . . . . . . . . . . Propulsion Burnouts . | . . . . . . . . . . Robots Hopped . | . . . . . . . . . . Cave-ins Triggered . | . . . . . . . . . . Exploration Rate (%) 67 | 7 97 92 97 96 88 95 24 67 12 Regions Visited 9 Branch Regions 4 Pre-discovered Areas 2 | . . . . . 2 . . . . Known Exits Taken 1 | . . . . . . 1 . . . Unknown Exits Taken 6 | 1 1 1 1 1 1 . . . . Scrap Searched 7 | . . 1 . 1 3 2 . . . Spaces Dug 41 | . . . 1 . . . 17 16 7 Terrain Destroyed 100 | . . . 33 . . . 40 16 11 Melee 41 | . . . 1 . . . 17 16 7 Projectile 8 | . . . . . . . 6 . 2 AOE 49 | . . . 32 . . . 17 . . Terrain Rammed . | . . . . . . . . . . Walls Destroyed . | . . . . . . . . . . Machines Disabled . | . . . . . . . . . . Actions | -11 -10 -10 -9 -9 -7 -6 -6 -6 -6 --------- Run | Jun Mat Min Mat Min Zio Pro Fac Was Fac Total 9409 | 118 933 631 2320 619 1449 1061 1465 101 712 Wait 879 | . 81 80 301 48 1 7 188 . 173 Move 7802 | 86 806 509 1752 545 1413 1026 1143 83 439 Hop . | . . . . . . . . . . Pick Up 121 | 8 11 12 35 7 12 4 19 1 12 Fast Attach 32 | 8 1 1 8 2 1 3 3 . 5 Attach 50 | 1 3 4 16 3 1 . 13 . 9 Detach 4 | 1 . 1 1 . . . . . 1 Swap 56 | . 2 1 15 . 9 3 15 . 11 Drop 105 | 2 6 6 23 12 12 8 16 1 19 Fire 218 | 12 23 17 83 2 . 10 37 . 34 Melee 60 | . . . 5 . . . 31 16 8 Ram . | . . . . . . . . . . Kick . | . . . . . . . . . . Crush . | . . . . . . . . . . Escape Stasis . | . . . . . . . . . . Rewire . | . . . . . . . . . . Trap 82 | . . . 81 . . . . . 1 Miscellaneous . | . . . . . . . . . . Route ------- -11/Junkyard -10/Materials (discovered 4 exits: *Mat x3 / *Min) -10/Mines (discovered 2 exits: *Mat x2) -9/Materials (discovered 6 exits: [*Mat x3] / *Min x2 / [*Sto]) -9/Mines (discovered 4 exits: [*Mat x2] / [*Exi] / [*Zio]) -7/Zion -6/Proximity Caves -6/Factory -6/Waste -6/Factory (discovered 8 exits: Fac x4 / Low x2 / Ext x2) History --------- Turn | Location | Event 16 | -11/Junkyard | Discovered new exit (range 15) 146 | -11/Junkyard | Entered Materials 303 | -10/Materials | Build established: Mutant 313 | -10/Materials | Discovered new exit (range 7) 507 | -10/Materials | Discovered new exit (range 12) 632 | -10/Materials | Discovered new exit (range 12) 720 | -10/Materials | Discovered new exit (range 7) 888 | -10/Materials | Repaired Imp. Terrain Scanner 1135 | -10/Materials | Entered Mines 1233 | -10/Mines | Assembled infested the area 1297 | -10/Mines | Discovered new exit (range 8) 1406 | -10/Mines | Learned Materials terminal intel 1406 | -10/Mines | Discovered new exit (range 9) 1544 | -10/Mines | Found the Drone Emporium 1549 | -10/Mines | Found Prototype Device 1775 | -10/Mines | Entered Materials 1775 | -9/Materials | Evolved 2 slots: Utility x2 1775 | -9/Materials | Identified Decoy Drone Bay 1776 | -9/Materials | Loaded intel: 12 terminal locations 1961 | -9/Materials | Discovered new exit (range 6) 2020 | -9/Materials | Core integrity fell below 50% 2042 | -9/Materials | Lost 6 parts (1p2n3w) 2444 | -9/Materials | Build established: Scavenger-Mutant 2603 | -9/Materials | Discovered new exit (range 10) 2939 | -9/Materials | Discovered new exit (range 10) 3227 | -9/Materials | Repaired Hcp. Battery 3286 | -9/Materials | Discovered new exit (range 6) 3321 | -9/Materials | Discovered new exit (range 8) 3372 | -9/Materials | Lost 3 parts (1n2u) 3414 | -9/Materials | Repaired Lgt. EM Pulse Cannon 3536 | -9/Materials | Repaired Lgt. EM Pulse Cannon 3614 | -9/Materials | Build established: Mutant 3831 | -9/Materials | Discovered new exit (range 16) 4614 | -9/Materials | Entered Mines 4784 | -9/Mines | Discovered new exit (range 9) 4899 | -9/Mines | Met a Derelict who couldn't figure out how to use a Trap Extractor 4998 | -9/Mines | Discovered new exit (range 16) 5164 | -9/Mines | A Derelict revealed a hidden shortcut to a safe place 5265 | -9/Mines | Deemed a non-threat by the Exiles lab entrance 5265 | -9/Mines | Discovered new exit (range 5) 5430 | -9/Mines | Received a Mining Laser from a helpful Derelict 5529 | -9/Mines | Entered Zion 5529 | -7/Zion | Accompanied by 3 allies 5579 | -7/Zion | Led the pair of lost Derelicts to a safe place 5638 | -7/Zion | Found Prototype Device 5705 | -7/Zion | Discovered new exit (range 15) 6241 | -7/Zion | Learned location of Quarantine (-2) 6259 | -7/Zion | Gained Derelict followers 6390 | -7/Zion | Given the Hacking Drone Bay 6390 | -7/Zion | Identified Mobile Refinery Mk. CCLXVII 6410 | -7/Zion | Found Prototype Device 6412 | -7/Zion | Identified Hacking Drone Bay 6524 | -7/Zion | Learned Factory security intel 6707 | -7/Zion | Learned location of Warlord (-4) 7104 | -7/Zion | Found Prototype Device 7206 | -7/Zion | Visited the Megawrench Repair Shop 7206 | -7/Zion | Megawrench repaired 7 parts 7589 | -7/Zion | Entered Proximity Caves 7589 | -6/Proximity Caves | Accompanied by 4 allies 7590 | -6/Proximity Caves | Identified exit to Factory 7591 | -6/Proximity Caves | Core integrity fell below 20% 7592 | -6/Proximity Caves | Spotter reported a threat 7592 | -6/Proximity Caves | Spotter reported a threat 7920 | -6/Proximity Caves | Attracted the attention of an 0b10 checkpoint 8045 | -6/Proximity Caves | Learned 4 Factory zone layouts 8110 | -6/Proximity Caves | Learned Factory stockpile data 8129 | -6/Proximity Caves | Received a Behemoth hack from an annoying Tinkerer 8490 | -6/Proximity Caves | Spotted B-75 Beast 8970 | -6/Proximity Caves | Entered Factory 8970 | -6/Factory | Evolved 6 slots: Propulsion x1, Utility x4, Weapon x1 8971 | -6/Factory | Identified exit to Lower Caves 9172 | -6/Factory | Fabricated K-01 Serf? 9282 | -6/Factory | Spotted B-75 Beast 9301 | -6/Factory | Build established: Derelict-Tank 10182 | -6/Factory | Build established: Derelict-Mutant 10740 | -6/Factory | Garrison activated, responded to threat 10787 | -6/Factory | Build established: Tank 11027 | -6/Factory | Sucked down chute 11027 | -6/Factory | Entered Waste 11042 | -6/Waste | EMP discharged 11042 | -6/Waste | System corruption reached 10% 11074 | -6/Waste | Spotted C-40 Crusher 11077 | -6/Waste | Spotted C-40 Crusher 11080 | -6/Waste | Spotted C-40 Crusher 11133 | -6/Waste | Spotted C-40 Crusher 11142 | -6/Waste | EMP discharged 11142 | -6/Waste | Spotted C-40 Crusher 11167 | -6/Waste | Discovered new exit (range 10) 11177 | -6/Waste | Found Prototype Processor 11181 | -6/Waste | Entered Factory 11256 | -6/Factory | Identified exit to Extension 11259 | -6/Factory | Build established: Mutant 11423 | -6/Factory | Identified exit to Factory 11526 | -6/Factory | Identified Bomb Factory No. 2 12161 | -6/Factory | Self-destructed Last Messages --------------- 12133_ Y-54 Guardian destroyed. 12135_ U-05 Engineer lays Concrete. 12136_ Acquired Hcp. Battery. 12136_ U-05 Engineer lays Concrete. 12146_ Y-54 Guardian emerges from the garrison. 12146_ U-05 Engineer lays Concrete. 12147_ Acquired 70 matter. 12148_ U-05 Engineer lays Concrete. 12150_ System corrupted: IFF burst signal emitted. 12150_ U-05 Engineer lays Concrete. 12152_ Slug penetrates Y-54 Guardian. 12152_ Slug penetrates Garrison Access. 12152_ U-05 Engineer lays Concrete. 12155_ System corrupted: Coil Gun jammed. 12155_ U-05 Engineer lays Concrete. 12155_ ALERT: Construction progress impeded, dispatching reinforcements to local area. 12157_ U-05 Engineer lays Concrete. 12158_ Slug penetrates Y-54 Guardian. 12160_ U-05 Engineer lays Concrete. Map ----- +----------------------------------------------------+ | ??????????????????????????????????????####### | | ??????????????????????????????????????############ | | ??????????????????????????????????????### # | | ??????????????????????????????????????### "" # | | ??????????????????????????????????????### F" # | | ??????????????????????????????????????### " # | | ??????????????????????????????????????### "" # | | ??????????????????????????????????????### # | | ??????????????????????????????????????### """""" " | | ????????????????????????????????????????# """""" # | | ????????????????????????????????????????# """""" # | | ????????????????????????????????????????# """""" # | | ????????????????????????????????????????# # | | ????????????????????????????????????????# * # | | ???????? ??????????????????????????????# # | | ???????? ??????????????????????????????#####+#### | | ???????? ????????????????????????????????# ## | | ???????? ?????############################ | | ???????? ?????# ""G"" !! ^ u ^ | | ???????? ?????# ""^"" ! ########## | | ???????? ?????#^ ^^ % ####?????# ## | | ???????? #????# Y % #????????## ### | | ????????# #????# gu #?????????# #?# | | ????????# #????# ! g![! #?????????# #?# | | ????????# #????# %=%* #?????????# #?# | | ????????# #???????#??T###@[= #?????????# #?# | | ????????# #???????????#?#o[ ########??# #?# | | ????????# #?????????????#! n # """ #??# #?# | | ????????# #?????????????# # "T" #??# #?? | | ????????# #?????????????# # #??# #?? | | ????????# ############### # #??# #?? | | ????????# ## # # ! #?## #?? | | ????????# ## """ """ # + ! #?## #?? | | ?????#### ## """ """ # ########### #?? | | ?????# # """ """ # ##+##+### # #?? | | ?????# # # # ## """ # #?? | | ###### # """ # # """ =## """ ! # #?? | | # + """ # # """ ## """ !! # #?? | | # # """ # # """ ## + #?? | | """" # # "" # # ## """ # #?? | | """" # # T" # # """ [## """ =# #?? | | """" # # "" # # """ ## """ # #?? | | """" # # # # """ *## !# #?? | | """" # #########+#### # ########### #?? | | """" + #???????# #??#+############?????? #?? | | # #???????# #??# ????? #?? | | # #???????# #### """"""" """"""??# #?? | | ###### #???????# +% """"""" """"""" # #?? | | #???????######! """"""" """"""" + #?? | | #????????????# """"""" """"""" # #?? | +----------------------------------------------------+ Best States ------------- Heat Dissipation 37 Energy Generation 18 Energy Capacity 310 Matter Stores 300 Matter Capacity 300 Sight Range 22 Robot Scan Range 15 Terrain Scan Range 16 Terrain Scan Density 10 ECM Strength 2 Armor Coverage 700 Resistance: KI 20 Resistance: TH 20 Core Shielding 20 Evasion (%) 54 Targeting Accuracy 10 Target Analysis 5 Recoil Reduction 1 Particle Charging 20 Authchip Count 1 Trap Extractor Capacity 6 Item Schematics ----------------- Hvy. Ion Engine | -9/Materials | Scanalyzed Shock Bomb Launcher | -9/Materials | Scanalyzed Adv. Treads | -9/Materials | Scanalyzed Hcp. Battery | -9/Materials | Scanalyzed Hcp. Matter Pod | -9/Materials | Scanalyzed Com. Wheel | -9/Materials | Scanalyzed Grenade Launcher | -9/Materials | Scanalyzed Hrd. Light Armor Plating | -9/Materials | Scanalyzed Robot Schematics ------------------ None Fabricated ------------ K-01 Serf | x1 | -6/Factory | Preloaded Alien Tech Used ----------------- None Achievements -------------- None Challenges ------------ None Game ------ Seed AssaultSmallShearcannon Manual? 0 Play Time 01:40:51 Cumulative 525.1 hours Start 2023.03.04 @ 16:40:59 End 2023.03.04 @ 18:44:36 Sessions 1 Manual Loads 0 Difficulty Rogue Special Mode None Game No. 373 Rogue 373 Adventurer 0 Explorer 0 Win Type - Total 1 Types 1/0/0/0/0/0/0/0/0 Lore% 69 Gallery% 77 Achievement% 58 Wizard Run 0 Options --------- ASCII 0 Keyboard 0 Movement Mouse Keybinds 0 Fullscreen 1 Font 16/SmallcapsGlow Map View 75x55 Tactical HUD 1 Map Filters NONE Filters NONE Steam 1 RUN: 1e99a150-8c4c-4bfe-8e94-aa1553d28ae5